[Event "SVK ECo-C Extraliga 2021-22"]
[Site "Slovakia"]
[Date "2022.06.11"]
[Round "10.2"]
[White "Sahidi, Samir"]
[Black "Piesik, Piotr"]
[Result "1-0"]
[ECO "C07"]
[WhiteElo "2432"]
[BlackElo "2418"]
[Annotator "TA"]
[PlyCount "133"]
[EventDate "2021.10.21"]
[EventType "team-tourn"]
[EventCountry "SVK"]
[SourceTitle "playchess.com"]
[Source "ChessBase"]
[SourceQuality "1"]
[TimeControl "40/5400+30:1800+30"]

1. e4 e6 2. d4 d5 3. Nd2 c5 4. exd5 Qxd5 5. Ngf3 cxd4 6. Bc4 Qd6 7. O-O Nf6 8. Nb3 Nc6 9. Nbxd4 Nxd4 10. Nxd4 a6 11. c3 Qc7 12. Bb3 Bd6 13. h3 O-O 14. Qf3 {[%emt 0:04:13] C07: French Tarrasch: 3...c5, 4 Ngf3 and 4 exd5 Qxd5.} e5 (14... b5 $5) 15. Nc2 e4 16. Qe2 {[%emt 0:00:22] The position is equal.} Qc5 {[%emt 0:01:49] [#]} 17. Re1 $146 ({Predecessor:} 17. Qe3 Qe5 18. f4 exf3 19. Qxe5 Bxe5 20. Rxf3 Re8 21. Bf4 Bf5 22. Bxe5 Rxe5 23. Re3 {½-½ (30) Juswanto,D (2402)-Barus,C (2392) Jakarta 2014}) 17... Bd7 18. Nd4 Rae8 19. Be3 {[%emt 0:01:54][%cal Od4e6] [#] Ne6! is the strong threat.} Qe5 {[%emt 0:03:53] Inhibits Ne6. ( -> ...Qh2+)} 20. f4 exf3 21. Nxf3 Qh5 {[%emt 0:09:20] White must now prevent ...Bg3.} 22. Qd3 Bg3 23. Bf2 Bxf2+ 24. Kxf2 Bc6 25. Kg1 Rd8 26. Nd4 Qg5 $132 {[%emt 0:03:28][%csl Gc6][%cal Rg5g2][%mdl 2048] Black has counterplay} 27. Qf1 {[%emt 0:01:33] Active counter play!} Be4 28. Qf2 Rfe8 29. Re3 Bg6 30. Rae1 Rxe3 31. Qxe3 Qxe3+ (31... Qc5 {is interesting.} 32. Qf4 Re8 33. Rxe8+ Nxe8 34. Qb8 Qe7) 32. Rxe3 Kf8 33. Kf2 Ne4+ 34. Ke2 Nc5 35. g4 h5 36. g5 h4 37. Kf3 Bh5+ 38. Kf4 g6 (38... Rd6 $11 {keeps the balance.}) 39. Bc2 $16 a5 40. b3 Rd6 {[%emt 0:01:46] White leaves nothing to chance now.} 41. a3 b6 (41... Na6 $16 {is a better defense.}) 42. b4 $18 axb4 43. axb4 Na6 44. Ke5 Rd8 (44... Rd7 $16 45. Re4 Nc7) 45. Ba4 Nc7 {[%emt 0:04:52] [#]} 46. Bc6 {[%emt 0:00:00] Prevents Rd5+.} Ne8 (46... Kg7 $142 47. Re4 Ne8 48. Rxh4 Nd6) 47. c4 Nd6 48. Rc3 Ne8 $2 (48... Kg7 {was called for.} 49. c5 bxc5 50. bxc5 Nc8) 49. Ra3 Nd6 50. Bd5 {[%emt 0:00:00] Threatens to win with Ra7.} Nc8 {[%emt 0:00:09] Prevents Ra7.} 51. Ra8 {[%emt 0:00:00] Hoping for Kf6.} Re8+ 52. Kf4 Ne7 53. Ra7 Bd1 54. Rb7 Rd8 (54... Be2 $142 55. Bxf7 (55. Nxe2 Nxd5+ 56. cxd5 Rxe2 $16) 55... Kxf7) 55. Rxe7 Rxd5 (55... Kxe7 $18 56. Nc6+ Ke8) 56. Rxf7+ $1 {[%emt 0:00:00] White mates.} ({Not} 56. cxd5 Kxe7 57. Ke5 Bh5 $14) 56... Kxf7 57. cxd5 {[%emt 0:00:00] KB-KN} Ke7 58. Ke5 Bh5 59. Ne6 Bg4 60. Nf4 ({Stronger than} 60. hxg4 h3 61. d6+ Ke8 62. Ng7+ (62. d7+ $2 Kxd7 63. Kf6 h2 $19) 62... Kd7 $11) 60... Bf5 61. Ng2 Bxh3 62. Nxh4 Kf7 63. Kd6 Bf1 64. Nf3 Bg2 65. Ne5+ Kg7 66. Ke6 Be4 67. d6 {[%emt 0:00:05] Weighted Error Value: White=0.07 (flawless) /Black=0.35} 1-0

[Event "SVK ECo-C Extraliga 2021-22"]
[Site "Slovakia"]
[Date "2022.06.11"]
[Round "10.3"]
[White "Jurcik, Marian"]
[Black "Polak, Tomas"]
[Result "1/2-1/2"]
[ECO "B12"]
[WhiteElo "2407"]
[BlackElo "2506"]
[Annotator "TA"]
[PlyCount "34"]
[EventDate "2021.10.21"]
[EventType "team-tourn"]
[EventCountry "SVK"]
[SourceTitle "playchess.com"]
[Source "ChessBase"]
[SourceQuality "1"]
[TimeControl "40/5400+30:1800+30"]

1. e4 c6 2. d4 d5 3. e5 Bf5 4. Nf3 e6 5. Be2 Nd7 6. O-O h6 7. Nbd2 Ne7 {[%emt 0:01:11] B12: Caro-Kann: Advance Variation.} 8. Nb3 Nc8 9. a4 Ncb6 (9... Be7 $11 {remains equal.}) 10. a5 $16 Nc4 11. Bd3 {[%emt 0:13:50] [#] Black did not feel at home in the position after the opening.  Weighted Error Value: White=0.10 (very precise) /Black=0.32} {Predecessor:} Be7 $146 12. Bxf5 exf5 13. e6 fxe6 14. Re1 Kf7 15. Qe2 Nf8 16. Nc5 Qc8 17. Bf4 g5 {1-0 (25) So,W (2770)-Carlsen,M (2863) chess24.com INT 2020} 1/2-1/2

[Event "SVK ECo-C Extraliga 2021-22"]
[Site "Slovakia"]
[Date "2022.06.11"]
[Round "10.3"]
[White "Rigo, Zsolt"]
[Black "Leniart, Arkadiusz"]
[Result "1/2-1/2"]
[ECO "C84"]
[WhiteElo "2398"]
[BlackElo "2476"]
[Annotator "TA"]
[PlyCount "32"]
[EventDate "2021.10.21"]
[EventType "team-tourn"]
[EventCountry "SVK"]
[SourceTitle "playchess.com"]
[Source "ChessBase"]
[SourceQuality "1"]
[TimeControl "40/5400+30:1800+30"]

1. e4 e5 2. Nf3 Nc6 3. Bb5 a6 4. Ba4 Nf6 5. O-O Be7 6. d3 b5 7. Bb3 d6 {[%emt 0:00:07][%cal Bd7d6,Bd6d5,Bd5d4][%mdl 32] The position is equal.} 8. Bd2 {[%emt 0:01:44] C84: Closed Ruy Lopez: Unusual White 6th moves.} O-O 9. h3 Bb7 10. Re1 a5 11. a4 b4 {[%emt 0:00:13] [#]} 12. Be3 $146 ({Predecessor:} 12. Bc1 Nb8 13. Nbd2 c5 14. Nf1 Nc6 15. Ng3 Nd4 16. Nxd4 cxd4 17. f4 Qc7 18. fxe5 dxe5 {1-0 (32) Loaiza Cuervo,S (1753)-Gonzalez Bolivar,J (1390) Medellin 2021}) 12... d5 13. Nbd2 d4 14. Bg5 Nd7 15. h4 Kh8 {[%emt 0:12:03] [#] And now ...f6 would win.} 16. Nf1 h6 {[%emt 0:10:57] A rather calm draw.  Weighted Error Value: White=0.06 (flawless) /Black=0.04 (flawless)} 1/2-1/2

[Event "SVK ECo-C Extraliga 2021-22"]
[Site "Slovakia"]
[Date "2022.06.11"]
[Round "10.3"]
[White "Roubalik, Jakub"]
[Black "Sipos, Istvan"]
[Result "1/2-1/2"]
[ECO "A65"]
[WhiteElo "2389"]
[BlackElo "2476"]
[Annotator "TA"]
[PlyCount "105"]
[EventDate "2021.10.21"]
[EventType "team-tourn"]
[EventCountry "SVK"]
[SourceTitle "playchess.com"]
[Source "ChessBase"]
[SourceQuality "1"]
[TimeControl "40/5400+30:1800+30"]

1. d4 Nf6 2. c4 c5 3. d5 e6 4. Nc3 exd5 5. cxd5 d6 6. e4 g6 7. Bd3 Bg7 8. h3 $1 {[%emt 0:00:05][%mdl 4] is recently more successful than 8.Nge2.} O-O 9. Bg5 Re8 {[%emt 0:07:49][%cal Of6e4] A65: Modern Benoni: 6 e4.} 10. Nge2 h6 11. Be3 c4 12. Bc2 b5 13. a3 a6 14. O-O Nbd7 {[%emt 0:00:25] [#]} 15. f4 $146 ({Predecessor:} 15. Qd2 h5 16. f4 Nh7 17. Bd4 Bxd4+ 18. Nxd4 Bb7 19. Kh1 Rc8 20. Rae1 Rc7 21. Nf3 {1-0 (38) Stocek,J (2600)-Simacek,P (2462) Pardubice 2011}) 15... Bb7 16. Qd2 Qe7 17. Ng3 Rad8 18. Rae1 Qf8 19. Bd4 Nh7 20. Nge2 Nhf6 21. Ng3 Nh7 $1 22. h4 h5 23. Bf2 Nhf6 24. e5 $36 {[%emt 0:00:45][%mdl 2048] White has good play.} dxe5 25. f5 e4 (25... Bh6 $14 26. Be3 (26. Qd1 Qg7 $15) 26... Bf4 27. Bxf4 exf4 28. Qxf4 Rxe1 29. Rxe1 Re8 30. Rxe8 Qxe8) 26. fxg6 $16 fxg6 27. Ngxe4 (27. Bxe4 $18 Ne5 28. Bd4) 27... b4 $2 (27... Nxe4 $16 28. Nxe4 Bxb2) 28. axb4 $18 Qxb4 29. Nxf6+ Nxf6 30. Rxe8+ Rxe8 31. Bxg6 Rf8 32. Bd4 Qe7 33. Re1 Qc7 {[%emt 0:02:13] [#] aiming for ...Ng4.} 34. Be5 $2 (34. Re6 $18 {is more deadly.}) 34... Qb6+ 35. Bd4 $2 (35. Qe3 $16 Qxe3+ 36. Rxe3) 35... Qc7 36. Bf5 Bc8 37. Bxc8 Rxc8 (37... Qxc8 $142 38. Re5 Rf7) 38. Qg5 {[%emt 0:00:57] Strongly threatening Ne4.} Ng4 $2 (38... Nh7 39. Qe3 Bxd4 40. Qxd4 Qc5 41. Qxc5 Rxc5) 39. Bxg7 $2 {[%emt 0:00:31] Active counter play!} (39. d6 $18 Qf7 40. Re7) 39... Qxg7 (39... Qh2+ $1 $11 {and Black stays safe.} 40. Kf1 Qh1+ 41. Ke2 Qxg2+ 42. Kd1 Nf2+ 43. Ke2 Ng4+ 44. Kd1 Nf2+ 45. Kc2 (45. Ke2 Ng4+ $11) 45... Nd3+ 46. Re2 Qxg5 47. hxg5 Kxg7) 40. Re7 {[%emt 0:00:28][%csl Ge7][%cal Rg5g7] Chess con chili.} Qxg5 41. hxg5 {[%emt 0:30:01][%mdl 4096] Endgame And now d6 would win. KRN-KRN} Kf8 42. Rh7 Kg8 {[%emt 0:03:18] Against Rh8+} 43. Ra7 {[%emt 0:00:00] Black must now prevent d6.} Re8 44. Kf1 {[%emt 0:00:00] Prevents Re1+.} Re3 45. d6 Nh2+ 46. Kg1 {[%emt 0:00:00] White threatens Nd5 and mate.} Ng4 {[%emt 0:00:04][%cal Re3e1] [#]} 47. Re7 (47. g3 $1 $18 Rxg3+ 48. Kf1) 47... Rxe7 $14 {[%emt 0:00:20][%mdl 64] Remove Defender} 48. dxe7 {[%emt 0:00:01] KN-KN} Kf7 49. Nd5 {[%emt 0:00:06][%cal Og5g6] Threatens to win with g6+!} ({But not} 49. g6+ Kxe7 50. Nd5+ Ke6 51. Nc7+ Kf6 $11) 49... Ne5 50. Kf2 Ng6 $1 51. Kf3 Nxe7 52. Ne3 Kg6 53. Ke4 {White really could win this.  Weighted Error Value: White=0.59/Black=0.35} 1/2-1/2

[Event "SVK ECo-C Extraliga 2021-22"]
[Site "Slovakia"]
[Date "2022.06.11"]
[Round "10.4"]
[White "Kraus, Tomas"]
[Black "Jurcik, Martin"]
[Result "1/2-1/2"]
[ECO "D27"]
[WhiteElo "2477"]
[BlackElo "2391"]
[Annotator "TA"]
[PlyCount "62"]
[EventDate "2021.10.21"]
[EventType "team-tourn"]
[EventCountry "SVK"]
[SourceTitle "playchess.com"]
[Source "ChessBase"]
[SourceQuality "1"]
[TimeControl "40/5400+30:1800+30"]

1. d4 d5 2. Nf3 e6 3. c4 dxc4 4. e3 Nf6 5. Bxc4 c5 6. O-O a6 7. b3 b5 8. Be2 Bb7 9. Bb2 Nbd7 10. a4 b4 11. Nbd2 Be7 12. Nc4 {[%emt 0:02:34] D27: Queen's Gambit Accepted: Classical main line: 7 e4!? and 7 a4.} O-O 13. Nfe5 cxd4 14. Nxd7 Nxd7 15. Bxd4 a5 16. Bf3 Bxf3 17. Qxf3 Bf6 18. Rfd1 {[%emt 0:06:45] [#]} Qc7 $146 {[%emt 0:06:19] Prevents Qc6.} ({Predecessor:} 18... Bxd4 19. Rxd4 Qc7 20. Qg3 e5 21. Rb1 f6 22. Rd6 Nc5 {½-½ (22) Filin,E (2342)-Dugushov,S (2119) ICCF email 2018}) 19. Rac1 {[%emt 0:17:17][%cal Oc4b6] [#] Black must now prevent Nb6!} Bxd4 20. Rxd4 Rfd8 21. Rcd1 {[%emt 0:13:45][%cal Od4d7] And now Rxd7! would win.} Nc5 {[%emt 0:09:59] [#] The position is equal.} 22. Qc6 $1 Qxc6 23. Rxd8+ Qe8 $1 24. Rxe8+ Rxe8 25. Nxa5 $11 {[%emt 0:00:09][%mdl 4096] Endgame aiming for Rd4. KRN-KRN} Ra8 26. Rd4 Kf8 $1 27. Nc6 Rc8 $1 28. Rd8+ Rxd8 29. Nxd8 Nxb3 (29... Ke8 $5 30. Nc6 Nxa4 $11) 30. Nc6 {[%emt 0:00:02] Against Na5} Nc5 {[%emt 0:00:13] Strongly threatening ...b3.} 31. Nxb4 Nxa4 {Weighted Error Value: White=0.06 (flawless) /Black=0.05 (flawless)} 1/2-1/2

[Event "SVK ECo-C Extraliga 2021-22"]
[Site "Slovakia"]
[Date "2022.06.11"]
[Round "10.4"]
[White "Toth, Ervin"]
[Black "Motuz, Karol"]
[Result "0-1"]
[ECO "D36"]
[WhiteElo "2436"]
[BlackElo "2315"]
[Annotator "TA"]
[PlyCount "128"]
[EventDate "2021.10.21"]
[EventType "team-tourn"]
[EventCountry "SVK"]
[SourceTitle "playchess.com"]
[Source "ChessBase"]
[SourceQuality "1"]
[TimeControl "40/5400+30:1800+30"]

1. d4 e6 2. c4 d5 3. Nc3 Nf6 4. cxd5 exd5 5. Bg5 c6 6. Qc2 Nbd7 7. e3 Be7 8. Bd3 h6 9. Bh4 Nh5 10. Bxe7 Qxe7 11. Nge2 Nb6 12. h3 {[%emt 0:03:08] D36: Queen's Gambit Declined: Exchange Variation: Main line (5 Bg5 c6 6 Qc2).} Bd7 13. O-O-O O-O-O 14. Kb1 {[%emt 0:01:42] The position is equal.} Kb8 15. Nc1 Nf6 16. Nb3 {[%emt 0:00:38] [#]} Ne8 $146 ({Predecessor:} 16... Bc8 17. Nc5 Nfd7 18. N3a4 Nxc5 19. Nxc5 Nd7 20. b4 Nxc5 21. bxc5 Qg5 22. g3 g6 {½-½ (85) Akshat,K (2395)-Thorsteinsson,T (2299) Budapest 2018}) 17. Nc5 Nd6 18. Qb3 Qf6 19. Rhf1 Bf5 20. Ka1 Rhe8 21. N3a4 Bxd3 22. Rxd3 Ndc4 23. Rdd1 h5 24. Nxb6 axb6 25. Nd3 h4 26. Qb4 Qe7 27. Qc3 f6 28. Rfe1 Qe4 29. f3 {[%emt 0:10:38] [#] Black keeps a firm grip on the game.} (29. Rg1 $15) 29... Qg6 $1 $17 {[%emt 0:02:28] Black is more active.} 30. e4 (30. Nf4 $17 Qg3 31. b3 Nxe3 32. Rxe3 Qxf4 33. Rde1 Rxe3 34. Qxe3 Qxe3 35. Rxe3) 30... Qxg2 $19 31. b3 dxe4 32. fxe4 Na3 {[%emt 0:01:43] And now ...Nc2+ would win.} 33. Rd2 {[%emt 0:03:41] Against Nc2+} Qg5 {[%emt 0:03:21][%cal Od8d4] Hoping for ...Rxd4!} 34. Qb2 Qa5 {[%emt 0:05:07] Against d5} (34... Rxd4 35. Rg2 Qxg2 36. Qxg2 Rxd3 37. Rc1 $17) 35. Nf4 g5 36. Nh5 Re6 {[%emt 0:00:39] Threatens to win with ...Qb4.} 37. Ng7 $2 (37. Ree2) 37... Re7 38. Nh5 Rd6 39. Red1 $2 (39. Rde2 {was worth a try.}) 39... Rxe4 40. d5 Rxd5 41. Rxd5 Qxd5 42. Rc1 Qd6 {[%emt 0:07:50] [#] aiming for ...Rd4.} 43. Nxf6 Rd4 {[%emt 0:01:42] Strongly threatening ...Rd1.} 44. Ne8 Qb4 45. Ng7 Rd2 46. Qe5+ Qd6 $2 (46... Ka7 {( -> ...Nb5)} 47. Ne8 Nc2+ 48. Kb1 Nd4) 47. Qxd6+ Rxd6 {[%emt 0:00:01][%mdl 4096] Endgame KRN-KRN} 48. Kb2 Nb5 49. Rc2 Rd3 50. Ne6 Rg3 ({Avoid the trap} 50... Rxh3 $2 51. Nxg5 Rg3 52. Ne4) 51. Rd2 Nc3 ({Wrong is} 51... Rxh3 $2 52. a4 Re3 53. Nxg5 $19) 52. Rd8+ Ka7 53. a4 {[%emt 0:00:00] Threatening mate with Nc7.} Nd5 {[%emt 0:03:18] Against Nc7} ({Don't take} 53... Rxh3 54. Nc7 Rh2+ 55. Kxc3 $18) 54. Rd7 Rxh3 55. Nxg5 Rh2+ 56. Ka3 Rg2 57. Ne4 (57. Ne6 Nc3 58. b4) 57... h3 58. Nd6 Ka6 59. Rxb7 (59. Rh7 $142 h2 60. b4) 59... c5 60. b4 Rg3+ (60... cxb4+ $142 61. Kb3 Rg3+ 62. Kb2 Nc3) 61. Kb2 cxb4 {[%emt 0:00:23] ...Nc3 is the strong threat.} 62. Rd7 $2 (62. Rb8 Ka7 63. Rb7+ Ka6 64. Rb8) 62... Nc3 {[%emt 0:00:34] Black is clearly winning.} 63. Kb3 Ne4+ 64. Kxb4 Rd3 {[%emt 0:00:21] Weighted Error Value: White=0.71/Black=0.41} 0-1

[Event "SVK ECo-C Extraliga 2021-22"]
[Site "Slovakia"]
[Date "2022.06.11"]
[Round "10.4"]
[White "Mikrut, Dariusz"]
[Black "Bokros, Albert"]
[Result "1/2-1/2"]
[ECO "D38"]
[WhiteElo "2349"]
[BlackElo "2447"]
[Annotator "TA"]
[PlyCount "48"]
[EventDate "2021.10.21"]
[EventType "team-tourn"]
[EventCountry "SVK"]
[SourceTitle "playchess.com"]
[Source "ChessBase"]
[SourceQuality "1"]
[TimeControl "40/5400+30:1800+30"]

1. d4 d5 2. c4 e6 3. Nf3 Nf6 4. Nc3 Bb4 5. cxd5 exd5 6. Qc2 O-O {[%emt 0:01:08] 6...0-0 scores better than 6...c5.} 7. Bg5 {[%emt 0:01:51] E32: Nimzo-Indian: Classical (4 Qc2): 4...0-0.} h6 8. Bh4 c5 9. e3 Nc6 10. a3 ({Better is} 10. dxc5 $14 Be6 11. Be2) 10... Bxc3+ $11 11. bxc3 c4 {[%emt 0:02:52] [#]} (11... g5 $5 12. Bg3 cxd4 $11) 12. Nd2 $146 ({Predecessor:} 12. Be2 g5 13. Bg3 Ne4 14. Bxc4 dxc4 15. Qxe4 Qa5 16. Qc2 Bf5 17. Qb2 Bd3 18. h4 {½-½ (42) Assaubayeva,B (2389)-Hou,Y (2658) Chess.com INT 2021}) 12... Re8 (12... g5 $5 13. Bg3 Be6 $11) 13. Be2 Qd6 14. Bg3 Qe7 15. O-O Bg4 16. Bxg4 Nxg4 17. e4 dxe4 18. Nxc4 {[%emt 0:01:19] White wants to play Nd6.} Rad8 {[%emt 0:01:24] Inhibits Nd6.} 19. Rae1 {[%emt 0:08:00] Hoping for f3.} b5 20. Nd2 Nf6 {[%emt 0:01:26] [#]} 21. Nxe4 $1 Nxe4 {[%emt 0:03:44] The position is equal.} 22. f3 Qxa3 23. fxe4 b4 $1 24. Qf2 f6 {[%emt 0:02:49] Weighted Error Value: White=0.07 (flawless) /Black=0.06 (flawless)} 1/2-1/2

[Event "SVK ECo-C Extraliga 2021-22"]
[Site "Slovakia"]
[Date "2022.06.11"]
[Round "10.5"]
[White "Borhy, Marcell"]
[Black "Manik, Mikulas"]
[Result "1/2-1/2"]
[ECO "E68"]
[WhiteElo "2381"]
[BlackElo "2376"]
[Annotator "TA"]
[PlyCount "42"]
[EventDate "2021.10.21"]
[EventType "team-tourn"]
[EventCountry "SVK"]
[SourceTitle "playchess.com"]
[Source "ChessBase"]
[SourceQuality "1"]
[TimeControl "40/5400+30:1800+30"]

1. Nf3 Nf6 2. c4 g6 3. d4 Bg7 4. g3 O-O 5. Bg2 d6 6. O-O Nbd7 7. Nc3 e5 8. e4 exd4 9. Nxd4 Re8 10. h3 Nc5 11. Re1 Bd7 12. Rb1 a5 {[%emt 0:00:08] E68: King's Indian: Fianchetto: 6...Nbd7 7 0-0 e5 8 e4.} 13. b3 h5 {[%emt 0:03:40] [#]} 14. f3 $146 ({Predecessor:} 14. Bf4 Nh7 15. Be3 Ng5 16. Bxg5 Qxg5 17. Nd5 Qd8 18. Nb5 Ne6 19. f4 Rc8 20. h4 {0-1 (52) Ruck,R (2568)-Naiditsch,A (2710) Hungary 2015}) 14... Nh7 {[%emt 0:30:30] White has an edge.} 15. Be3 c6 16. Qd2 Qc7 17. g4 Rad8 ({Better is} 17... hxg4 $14 18. hxg4 Be5) 18. a3 (18. gxh5 $16 gxh5 19. a3) 18... Bc8 ({Black should play} 18... hxg4 $11 19. hxg4 Bc8) 19. b4 (19. gxh5 $14 gxh5 20. f4) 19... axb4 20. axb4 hxg4 21. hxg4 {[%emt 0:01:04] [#]} ({Don't blunder} 21. bxc5 $2 dxc5 22. Ndb5 Qg3 $17) 21... Qe7 $1 {[%emt 0:06:35] Weighted Error Value: White=0.40/Black=0.25 (precise)} 1/2-1/2

[Event "SVK ECo-C Extraliga 2021-22"]
[Site "Slovakia"]
[Date "2022.06.11"]
[Round "10.5"]
[White "Vojtek, Vladimir"]
[Black "Urhegyi, Marton"]
[Result "1-0"]
[ECO "B50"]
[WhiteElo "2288"]
[BlackElo "2253"]
[Annotator "TA"]
[PlyCount "137"]
[EventDate "2021.10.21"]
[EventType "team-tourn"]
[EventCountry "SVK"]
[SourceTitle "playchess.com"]
[Source "ChessBase"]
[SourceQuality "1"]
[TimeControl "40/5400+30:1800+30"]

1. e4 c5 2. Nf3 d6 3. g3 Nc6 4. Bg2 g6 5. O-O Bg7 6. c3 Nf6 7. Re1 O-O 8. d3 e5 9. Nbd2 {[%emt 0:02:53] 9.a4 is the modern continuation.} Re8 {[%emt 0:02:06] [#]} 10. b3 $146 {[%emt 0:05:57] A05: Réti Opening: 1 Nf3 Nf6.} ({Predecessor:} 10. a4 h6 11. Nc4 Be6 12. Nfd2 d5 13. exd5 Bxd5 14. Bf1 Bf8 15. Ne4 Nh7 16. Ned2 f5 17. a5 Qc7 18. Qa4 Nf6 19. Qb5 Rad8 {½-½ (45) Mendonca,L (2458)-Kosic,D (2435) Budapest 2020}) 10... d5 11. Ba3 b6 12. b4 {[%emt 0:05:41] Black has an edge.} cxb4 13. cxb4 Bb7 14. Rc1 Qd7 15. Qb3 Rad8 16. Bb2 Qd6 17. a3 d4 18. Nc4 Qe6 (18... Qe7 $142) 19. b5 $16 Na5 20. Nxa5 bxa5 21. Qxe6 Rxe6 22. a4 Ne8 {[%emt 0:07:18] Against Rc7} (22... Bf8 $16) 23. Bh3 $18 Re7 24. Ba3 Rc7 25. Rxc7 Nxc7 26. Bc5 Ra8 27. Bd6 Ne6 28. Rc1 Re8 (28... Rc8 {keeps fighting.} 29. Rxc8+ Bxc8 30. Bxe5 Bxe5) 29. Bxe6 Rxe6 30. Bb8 (30. Rc7 $142) 30... Re7 31. Rc7 (31. Bxa7 $142 {Hoping for Bb6.} f5 32. Bb6 (32. Bc5 Rc7 $14)) 31... Rxc7 $16 32. Bxc7 {[%emt 0:00:01][%mdl 4096] Endgame KBB-KBN} f5 33. Nd2 $1 Bh6 34. f4 exf4 35. gxf4 a6 {[%emt 0:00:33] [#]} 36. b6 fxe4 37. Nxe4 Bf8 38. Be5 Kf7 39. Bxd4 {[%emt 0:00:25] 0x0.001b6862aac6dp-1022s more active pieces.} Ke6 40. Kf2 Ba3 (40... Bc6 $1 $14) 41. Ke2 Kd5 42. Be3 h6 (42... Be7 $16 {was necessary.}) 43. Nd2 $18 Bb4 44. Nc4 {[%emt 0:00:00][%cal Of4f5] Black must now prevent f5!} Bc8 45. Kd1 (45. f5 $18 {has better winning chances.} gxf5 46. Bxh6) 45... Kc6 {[%emt 0:02:00] [#]} 46. Kc2 (46. Ne5+ $1 $16 Kb7 47. Nxg6) 46... Kb7 $11 47. Bd2 {[%emt 0:00:00] Threatens to win with Bxb4.} Bc5 48. Bxa5 Bd7 49. Kb3 g5 {[%emt 0:00:41] White stays focused until the end.} (49... h5 $11 {keeps the balance.}) 50. fxg5 $16 hxg5 51. Bd2 Bg1 52. Bxg5 {[%emt 0:00:00] Strongly threatening Bd8.} Bxh2 53. Be3 Be6 (53... Bf5 $142 54. Na5+ Kc8) 54. Kb4 $18 {[%emt 0:00:00] aiming for Na5+.} Bxc4 (54... Bd7 $18 55. Na5+ Kc8) 55. Kxc4 {[%emt 0:00:00] KB-KB. White mates.} Kc6 56. Bc5 Bg3 57. d4 Bf4 58. d5+ Kd7 59. Kd3 Be5 60. Ke4 Bg3 61. Be3 Kc8 62. Kf5 Bh2 63. Ke6 Kb7 64. Bc5 Bf4 65. d6 Bxd6 66. Kxd6 a5 67. Bd4 Ka6 68. Kc5 Kb7 69. Kb5 {[%emt 0:00:05] Weighted Error Value: White=0.19 (very precise) /Black=0.37} 1-0

[Event "SVK ECo-C Extraliga 2021-22"]
[Site "Slovakia"]
[Date "2022.06.11"]
[Round "10.5"]
[White "Zvarik, Martin"]
[Black "Chovan, Milan"]
[Result "0-1"]
[ECO "C55"]
[WhiteElo "2228"]
[BlackElo "2339"]
[Annotator "TA"]
[PlyCount "168"]
[EventDate "2021.10.21"]
[EventType "team-tourn"]
[EventCountry "SVK"]
[SourceTitle "playchess.com"]
[Source "ChessBase"]
[SourceQuality "1"]
[TimeControl "40/5400+30:1800+30"]

1. e4 e5 2. Nf3 Nc6 3. Bc4 Nf6 4. d3 Be7 5. Nc3 d6 6. a3 O-O {[%emt 0:00:49] C55: Two Knights: 4 d3, 4 d4 exd4 5 e5 and Max Lange Attack.} 7. Bg5 h6 8. Bxf6 Bxf6 {[%emt 0:00:09] The position is equal.} 9. Nd5 {[%emt 0:00:49] [#]} g6 $146 ({Predecessor:} 9... Kh8 10. h3 Be7 11. d4 f5 12. exf5 e4 13. Nd2 Bxf5 14. c3 Bg5 {0-1 (25) Barthel,A (2120)-Colpe,M (2368) Neustadt an der Weinstrasse 2019}) 10. h4 Bg7 11. h5 g5 12. Ne3 Ne7 13. Nd2 c6 14. Qf3 Kh8 15. g4 $1 ({Avoid the trap} 15. Bxf7 $2 Bd7 16. g4 Be8 $19) 15... d5 16. Bb3 Be6 17. Rd1 Qd7 18. O-O Rad8 19. Rfe1 f6 (19... Ng8 $142) 20. Ndf1 Bg8 21. Rd2 a5 22. Qd1 Qc7 (22... b5 $5 23. a4 d4 $11) 23. c3 Rd7 24. Qc2 Rfd8 25. Red1 Bh7 26. Qb1 Qb6 27. Bc2 d4 28. Nf5 Nxf5 29. exf5 dxc3 30. bxc3 Qc5 31. Qb2 Bf8 32. a4 (32. Bb3 $5 ) 32... b5 33. d4 (33. Ng3 $1 $11 {is superior.}) 33... exd4 $15 34. cxd4 Qb4 $36 {[%emt 0:00:08][%mdl 2048] Black is really pushing.} 35. Qa1 Qa3 {[%emt 0:01:41] Black is more active.} (35... Bg8 $15 36. Ne3 Qa3 37. Qxa3 Bxa3) 36. Qxa3 (36. d5 {with more complications.} Qxa1 37. Rxa1 Bg8 38. dxc6 Rxd2 39. c7) 36... Bxa3 37. Ne3 (37. Bb3 $11) 37... Bg8 $17 {[%emt 0:00:31][%cal Oa3c5] White is on the road to losing.} 38. Be4 ({White should play} 38. Rd3 b4 39. d5) 38... Bb4 {[%emt 0:04:36] A strong pair of Bishops.} (38... bxa4 39. Bxc6 Bb3 40. Bxd7 Bxd1 41. Rxd1 $11) 39. Rd3 Bc4 (39... bxa4 40. Bxc6 Bb3 41. Bxd7 Bxd1 42. Rxd1 $15) 40. Bxc6 $2 (40. Nxc4 $17 {was the crucial defense.} bxc4 41. Re3) 40... Bxd3 $19 41. Bxd7 Be2 ({Stronger than} 41... Rxd7 42. Rxd3 bxa4 43. Rd1 $17) 42. Bxb5 Bxd1 43. Nxd1 Rxd4 {[%emt 0:00:12][%mdl 4096] Endgame KRB-KBN} 44. Ne3 Bd2 {[%emt 0:00:47] [#] And now ...Bxe3 would win.} 45. Nc4 Rxg4+ 46. Kf1 Bb4 47. Ne3 Rd4 48. Ke2 Kg7 49. f3 Rd2+ 50. Kf1 Rh2 51. Be8 Bc5 52. Ng4 Rb2 53. Bc6 Bb6 54. Be8 Rd2 55. Bc6 Rc2 56. Bb5 Rc5 {[%emt 0:00:42][%cal Oc5b5] [#] ( -> ...Rxb5!)} 57. Bd3 Rd5 58. Ke2 Bc5 59. Be4 Rd6 60. Ba8 (60. Bc2 $142) 60... Rb6 61. Kf1 Rb4 62. Bc6 Rc4 63. Kg2 Bf8 64. Be8 Rf4 65. Bd7 Bc5 66. Kg3 (66. Nh2 $142) 66... Ba7 67. Kg2 Rd4 68. Bc6 Rd2+ 69. Kf1 Rd6 70. Be4 Rd4 71. Bc6 Rc4 72. Bd7 Rc7 73. Bb5 Rc1+ 74. Kg2 (74. Ke2 $142) 74... Rc5 {[%emt 0:00:12][%cal Oc5b5] Hoping for ...Rxb5!} 75. Bd3 Bb6 76. Kf1 $1 Rc1+ {[%emt 0:00:50] Black is clearly winning.} 77. Kg2 Rg1+ 78. Kh2 Rd1 79. Be4 Rc1 {[%emt 0:00:29] aiming for ...Rc4.} 80. Bd5 {[%emt 0:00:26] Prevents Rc4.} Rc5 81. Be6 Rc2+ 82. Kh1 Rd2 {[%emt 0:00:11] Strongly threatening ...Rd4.} 83. Bc4 Rd4 84. Bb5 Rf4 {[%emt 0:00:08] Weighted Error Value: White=0.29 (precise) /Black=0.14 (very precise)} 0-1